 Dungeon Crawl Stone Soup version 0.24.0 (webtiles) character file.

Game seed: 5862729597186318961, levelgen mode: deterministic

670 Mrkan the Basher (level 7, -5/64 HPs)
             Began as a Minotaur Monk on Oct 24, 2019.
             Was a Believer of the Shining One.
             Slain by an orc warrior
             ... wielding a cursed -1 flail
              (15 damage)
             ... on level 6 of the Dungeon.
             The game lasted 00:07:56 (3212 turns).

Mrkan the Basher (Minotaur Monk)                    Turns: 3212, Time: 00:07:56

Health: -5/64      AC: 13    Str: 18    XL:     7   Next: 32%
Magic:  7/7        EV:  6    Int:  7    God:    the Shining One [**....]
Gold:   278        SH:  0    Dex: 12    Spells: 6/6 levels left

rFire    . . .     SeeInvis .   a - +0 mace
rCold    . . .     Gourm    .   (no shield)
rNeg     + . .     Faith    .   p - +0 plate armour
rPois    .         Spirit   .   (helmet restricted)
rElec    .         Reflect  .   v - +2 cloak {MR+}
rCorr    .         Harm     .   (no gloves)
MR       +....                  (no boots)
Stlth    ..........             (no amulet)
HPRegen  0.20/turn              (no ring)
MPRegen  0.10/turn              (no ring)

@: glowing
A: retaliatory headbutt, horns 2
a: Divine Shield, Renounce Religion


You were on level 6 of the Dungeon.
You worshipped the Shining One.
The Shining One was pleased with you.
You were hungry.

You visited 1 branch of the dungeon, and saw 6 of its levels.

You collected 278 gold pieces.

Inventory:

Hand Weapons
 a - a +0 mace (weapon)
Missiles
 u - 8 javelins (quivered)
Armour
 b - a +0 robe
 p - a +0 plate armour (worn)
 r - a +0 cloak
 v - a +2 cloak of magic resistance (worn)
 B - a +0 pair of gloves
Jewellery
 h - a +4 ring of intelligence {unknown}
 l - an uncursed amulet of faith {unknown}
Wands
 t - a wand of digging (7)
Scrolls
 e - 3 scrolls of remove curse {unknown}
 j - a scroll of identify {unknown}
 m - 3 scrolls of immolation {unknown}
 o - a scroll of magic mapping {unknown}
 q - a scroll of fear {unknown}
 s - 5 scrolls of teleportation {unknown}
 w - 3 scrolls of enchant armour {unknown}
 y - a scroll of noise {unknown}
 A - a scroll of blinking {unknown}
 D - a scroll of fog {unknown}
Potions
 d - a potion of might {unknown}
 f - 2 potions of agility {unknown}
 g - 5 potions of curing {unknown}
 i - a potion of mutation {unknown}
 k - a potion of resistance {unknown}
 n - a potion of heal wounds {unknown}
 x - a potion of invisibility {unknown}
 z - a potion of brilliance {unknown}
Comestibles
 c - 10 rations


   Skills:
 + Level 6.4 Fighting
 * Level 8.4 Maces & Flails
 - Level 3.2 Dodging
 - Level 1.5 Stealth
 + Level 1.8 Invocations


You had 6 spell levels left.
You didn't know any spells.
Your spell library contained the following spells:

 Spells                   Type           Power        Failure   Level  Hunger
 Confusing Touch          Hex            #.....       100%        1    ##.....
 Confuse                  Hex            #.......     100%        3    ####...
 Gell's Gravitas          Tloc           #.........   100%        3    ####...
 Petrify                  Tmut/Erth      #.......     100%        4    #####..
 Metabolic Englaciation   Hex/Ice        #.........   100%        5    ######.
 Yara's Violent Unravell  Hex/Tmut       #.........   100%        5    ######.


Dungeon Overview and Level Annotations

Branches:
Dungeon (6/15)             Temple (0/1) D:5

Altars:
Dithmenos
Makhleb
Trog
The Shining One


Innate Abilities, Weirdness & Mutations

You reflexively headbutt those who attack you in melee.
You have a pair of horns on your head.


Message History

The orc hits you but does no damage.
The orc warrior hits you with a cursed -1 flail!
You hit the orc warrior but do no damage.
The orc warrior is moderately wounded.
The orc hits you but does no damage.
The orc warrior hits you with a cursed -1 flail!
You hit the orc warrior but do no damage.
The orc warrior is moderately wounded.
The orc hits you from afar with a +0 trident.
You hit the orc warrior.
The orc warrior is moderately wounded.
The orc warrior hits you but does no damage.
The orc hits you but does no damage.
You open the door.
The orc warrior hits you with a cursed -1 flail!
* * * LOW HITPOINT WARNING * * *
There is an open door here.
You open the door.
The orc warrior hits you with a cursed -1 flail!
You die...

#.....# +............
#....o###########............
#............................
#...........................
#...>..............oo...#
#####.......................#
..........################†##
..........#....'...........#
..........# #@o.........#
.....###### #....##.....#
...).# ####o##.....# ...<.#
#....##o....# .....#
#....o.o....# ######
#....##o....# #....##.....#
####+##.....# ......#


You could see an orc warrior and an orc.

Vanquished Creatures
  A scorpion (D:4)
  A water moccasin skeleton (D:5)
  A howler monkey (D:4)
  Crazy Yiuf (D:2)
  4 hounds
  A bullfrog skeleton (D:5)
  An orc priest (D:3)
  An orc wizard (D:6)
  Jessica (D:2)
  3 worker ants
  A howler monkey zombie (D:5)
  A howler monkey skeleton (D:4)
  10 adders
  A shadow imp (D:6)
  2 worms
  6 leopard geckos
  3 orcs (D:3)
  2 ball pythons (D:1)
  9 bats
  2 giant cockroaches
  9 goblins
  5 hobgoblins
  5 jackals (D:3)
  3 quokkas
  8 frilled lizards
  10 kobolds
  A leopard gecko skeleton (D:4)
  9 rats
102 creatures vanquished.

Notes
Turn   | Place    | Note
-------+----------+-------------------------------------------
     0 | D:1      | Mrkan the Minotaur Monk began the quest for the Orb.
     0 | D:1      | Reached XP level 1. HP: 19/19 MP: 0/0
    58 | D:1      | Reached skill level 4 in Maces & Flails
   127 | D:1      | Reached XP level 2. HP: 14/27 MP: 1/1
   484 | D:2      | Reached XP level 3. HP: 29/33 MP: 2/2
   520 | D:2      | Reached skill level 5 in Maces & Flails
   552 | D:2      | Reached XP level 4. HP: 20/41 MP: 3/3
   650 | D:2      | Noticed Jessica
   655 | D:2      | Killed Jessica
   896 | D:2      | Found a runed translucent door.
   897 | D:2      | Noticed Crazy Yiuf
   908 | D:2      | Killed Crazy Yiuf
   908 | D:2      | Reached skill level 5 in Fighting
   908 | D:2      | Reached skill level 6 in Maces & Flails
   908 | D:2      | Reached XP level 5. HP: 16/48 MP: 4/4
  1203 | D:3      | Found a shadowy altar of Dithmenos.
  1946 | D:4      | Reached skill level 7 in Maces & Flails
  1952 | D:4      | Reached XP level 6. HP: 49/56 MP: 5/5
  2066 | D:4      | Found a glowing golden altar of the Shining One.
  2069 | D:4      | Found a burning altar of Makhleb.
  2072 | D:4      | Found a bloodstained altar of Trog.
  2105 | D:4      | Became a worshipper of the Shining One
  2105 | D:4      | Reached * piety under the Shining One
  2105 | D:4      | Reached ** piety under the Shining One
  2614 | D:5      | Entered Level 5 of the Dungeon
  2723 | D:5      | Reached skill level 1 in Invocations
  2834 | D:5      | Found a staircase to the Ecumenical Temple.
  2854 | D:5      | Reached skill level 8 in Maces & Flails
  2854 | D:5      | Reached XP level 7. HP: 55/63 MP: 6/6
  3212 | D:6      | Slain by an orc warrior

Levels and vault maps discovered:
D:1:      shiori_arrival_maze, layout_rooms, minmay_close_crescents
D:2:      layout_rooms, first_ration, uniq_crazy_yiuf_cottage, uniq_jessica
D:3:      layout_loops_ring, lemuel_round_altar, minmay_distorted
D:4:      layout_loops_ring, grunt_temple_overflow_diamond,
          minmay_misc_feat_alley, minmay_goblin_kobold_house
D:5:      layout_rooms, minmay_temple_entry_grid
D:6:      layout_gridville, basic_altar
